 Dungeon Crawl Stone Soup version 0.30-a0-964-gd452b5e7fa (webtiles) character file.

Game seed: 6279017362858293066

81 vishdafish the Conjurer (level 4, -5/30 HPs)
             Began as a Demonspawn Conjurer on Mar 30, 2023.
             Slain by a gnoll
             ... wielding a +0 flail
              (9 damage)
             ... on level 2 of the Dungeon.
             The game lasted 00:02:22 (2078 turns).

vishdafish the Conjurer (Demonspawn Conjurer)       Turns: 2078, Time: 00:02:23

Health: -5/30      AC:  3    Str:  8    XL:     4   Next: 19%
Magic:  1/8        EV: 12    Int: 21    God:
Gold:   108        SH:  0    Dex: 11    Spells: 8/9 levels left

rFire   . . .      SeeInvis .    e - +1 short sword (vamp)
rCold   . . .      Faith    .    (no shield)
rNeg    . . .      Spirit   .    a - +0 robe
rPois   .          Reflect  .    (no helmet)
rElec   .          Rampage  .    o - +0 cloak
rCorr   .                        (no gloves)
Will    .....                    (no boots)
Stlth   ++                       (no amulet)
HPRegen 0.25/turn                d - ring of wizardry
MPRegen 0.11/turn                (no ring)

@: no status effects
A: claws 1, powered by death 1
a: no special abilities


You were on level 2 of the Dungeon.
You visited 1 branch of the dungeon, and saw 2 of its levels.

You collected 108 gold pieces.

Inventory:

Hand Weapons
 e - a +1 vampiric short sword (weapon)
Armour
 a - a +0 robe (worn)
 o - a +0 cloak (worn)
Jewellery
 d - a ring of wizardry (left claw)
Scrolls
 c - a scroll of poison {unknown}
 f - 3 scrolls of teleportation {unknown}
 g - 2 scrolls of vulnerability {unknown}
 h - a scroll of fog {unknown}
 l - a scroll of identify {unknown}
 m - a scroll of amnesia {unknown}
 n - a scroll of enchant weapon {unknown}
Potions
 b - a potion of magic
 i - a potion of haste {unknown}
 j - a potion of curing {unknown}
 k - a potion of cancellation


   Skills:
 - Level 1.7 Dodging
 - Level 1.7 Stealth
 + Level 3.2 Spellcasting
 + Level 4.9 Conjurations


You had 8 spell levels left.
You knew the following spells:

 Your Spells              Type           Power      Damage    Failure   Level
a - Magic Dart            Conj           96%        1d7       1%          1

Your spell library contained the following spells:

 Spells                   Type           Power      Damage    Failure   Level
 Searing Ray              Conj           48%        2d6       1%          2
 Dazzling Flash           Conj/Hex       26%        N/A       6%          3
 Fulminant Prism          Conj/Hex       6%         3d7       19%         4
 Iskenderun's Mystic Bla  Conj/Tloc      13%        2d5       19%         4


Dungeon Overview and Level Annotations

Branches:
Dungeon (2/15)

Altars:


Innate Abilities, Weirdness & Mutations

You have sharp fingernails.
You regenerate a little health from kills.


Message History

The gnoll shouts!
A gnoll comes into view. It is wielding a +0 flail.
There are monsters nearby!
There are monsters nearby!
The magic dart hits the gnoll.
The gnoll is heavily wounded.
The gnoll shouts!
The magic dart hits the gnoll.
The gnoll is severely wounded.
The magic dart hits the gnoll!
You kill the gnoll!
The magic dart hits the gnoll but does no damage.
The magic dart hits the gnoll but does no damage.
The magic dart hits the gnoll.
The gnoll is lightly wounded.
The gnoll barely misses you.
A gnoll comes into view. It is wielding a +0 whip.
The magic dart hits the gnoll.
The gnoll is lightly wounded.
The gnoll shouts!
The gnoll hits you with a +0 flail.
The magic dart hits the gnoll.
The gnoll is moderately wounded.
The gnoll closely misses you.
You are out of magic!
You are out of magic!
You barely miss the gnoll.
The gnoll is moderately wounded.
The gnoll hits you with a +0 flail!
You hit the gnoll.
The gnoll is heavily wounded.
The gnoll closely misses you.
You hit the gnoll but do no damage.
The gnoll is heavily wounded.
The gnoll hits you with a +0 flail! The gnoll attacks as you move away!
The gnoll hits you with a +0 flail.
* * * LOW HITPOINT WARNING * * *
It was a potion of cancellation.
You feel magically purged. The gnoll hits you with a +0 flail!
You die...

# #..# #..# #..# #..#
#..# .######..#
....).g..# #g# #@# #.#
#.########
#.######........#
#......#..#####.#
######.##.# #....#
##############..#.# #
....†...........#.#####.#


You could see 2 gnolls.

Vanquished Creatures
  A gnoll (D:2)
  An adder (D:2)
  A dart slug (D:1)
  4 endoplasms
  5 goblins
  10 hobgoblins
  2 jackals (D:1)
  3 kobolds
  6 quokkas
  3 ball pythons
  11 bats
  4 frilled lizards
51 creatures vanquished.

Notes
Turn   | Place    | Note
-------+----------+-------------------------------------------
     0 | D:1      | vishdafish the Demonspawn Conjurer began the quest for the
                  | Orb.
     0 | D:1      | Reached XP level 1. HP: 13/13 MP: 3/3
   179 | D:1      | Gained mutation: You have sharp fingernails. [demonic
                  | ancestry]
   179 | D:1      | Reached XP level 2. HP: 11/19 MP: 0/5
   602 | D:1      | Gained mutation: You regenerate a little health from kills.
                  | [demonic ancestry]
   602 | D:1      | Reached XP level 3. HP: 24/24 MP: 1/7
  1816 | D:2      | Reached XP level 4. HP: 30/30 MP: 3/8
  2078 | D:2      | Slain by a gnoll

Illustrated notes

Levels and vault maps discovered:
D:1:      dpeg_arrival_castle, layout_loops_ring
D:2:      layout_loops_ring, basic_altar

Skill      XL: |  1  2  3 |
---------------+----------+-----
Spellcasting   | 3 |  3.2
Dodging        | |  1.7
Stealth        | |  1.7
Conjurations   | |  4.9

Action                     |  1- 3 |  4- 6 || total
---------------------------+-------+-------++-------
  Melee: Short sword       |    29 |     3 ||    32
   Cast: Magic Dart        |    85 |    15 ||   100
    Use: Potion            |       |     1 ||     1
 Armour: Robe              |     5 |       ||     5
  Dodge: Dodged            |    26 |     3 ||    29

Table legend: (Time is in decaauts)
 A = Elapsed time spent in this place.
 B = Non-inter-level travel time spent in this place.
 C = Inter-level travel time spent in this place.
 D = Time resting spent in this place.
 E = Time spent auto-exploring this place.
 F = Levels seen in this place.
 G = Mean time per level.
                   A        B        C        D        E       F      G
               +--------+--------+--------+--------+--------+-----+--------+
         Total |   2082 |   1981 |    101 |      0 |   1734 |   2 | 1041.0 |
       Dungeon |   2082 |   1981 |    101 |      0 |   1734 |   2 | 1041.0 |
               +--------+--------+--------+--------+--------+-----+--------+

Top non-repeatable levels by time:
     D:1: 1322 daAuts
     D:2: 759 daAuts
